 Dungeon Crawl Stone Soup version 0.30-a0-748-ge6a52f7cba (webtiles) character file.

Game seed: 6870342445039169249

10184 vineage the Basher (level 11, -4/71 HPs)
             Began as a Gargoyle Fighter on Feb 8, 2023.
             Was a High Priest of Okawaru.
             Slain by a troll (9 damage)
             ... on level 8 of the Dungeon.
             The game lasted 00:10:03 (10080 turns).

vineage the Basher (Gargoyle Fighter)              Turns: 10080, Time: 00:10:03

Health: -4/71      AC: 20    Str: 29    XL:     11   Next: 58%
Magic:  13/13      EV:  8    Int:  8    God:    Okawaru [*****.]
Gold:   366        SH:  7    Dex: 14    Spells: 10/10 levels left

rFire   + + .      SeeInvis .    t - +4 flail
rCold   . . .      Faith    .    c - +1 buckler
rNeg    + . .      Spirit   .    h - +0 chain mail
rPois   ∞          Reflect  .    (no helmet)
rElec   +          Harm     .    s - +0 cloak
rCorr   .          Rampage  .    (no gloves)
Will    .....                    (no boots) Stlth
                                 q - amulet of magic regeneration
HPRegen 0.31/turn                r - ring "Jigagh" {rF+ Str+6 Dex+3 Slay+2}
MPRegen 0.53/turn                x - ring of protection from fire

@: no status effects
A: sickness immunity, AC +8, negative energy resistance 1, electricity
resistance, torment resistance 1, petrification resistance
a: Renounce Religion, Heroism, Finesse, Duel


You were on level 8 of the Dungeon.
You worshipped Okawaru.
Okawaru was extremely pleased with you.
You visited 2 branches of the dungeon, and saw 9 of its levels.

You collected 366 gold pieces.

Inventory:

Hand Weapons
 a - a +0 flail
 t - a +4 flail (weapon)
Missiles
 p - 3 throwing nets (quivered)
Armour
 c - a +1 buckler (worn)
 h - a +0 chain mail (worn)
 s - a +0 cloak (worn)
Jewellery
 q - an amulet of magic regeneration (around neck)
 r - the ring "Jigagh" (left hand) {rF+ Str+6 Dex+3 Slay+2}
   (You found it on level 4 of the Dungeon)

   [ring of strength]

   Str:       It affects your strength (+6).
   Dex:       It affects your dexterity (+3).
   Slay:      It affects your accuracy & damage with ranged weapons and melee
   (+2).
   rF:        It protects you from fire.
 x - a ring of protection from fire (right hand)
 B - a ring of ice
 G - an amulet of regeneration
Wands
 n - a wand of charming (20)
 o - a wand of flame (23)
 D - a wand of quicksilver (7)
 E - a wand of roots (18)
 F - a wand of polymorph (8)
Scrolls
 m - 2 scrolls of teleportation
 v - 2 scrolls of noise
 w - a scroll of butterflies
 y - a scroll of amnesia
Potions
 b - 3 potions of curing
 d - a potion of mutation {unknown}
 e - a potion of invisibility
 f - 2 potions of brilliance
 g - 2 potions of magic
 i - a potion of cancellation
 l - 2 potions of haste
 u - 2 potions of degeneration
 z - a potion of lignification
 A - a potion of attraction {unknown}
 C - a potion of flight {unknown}


   Skills:
 + Level 9.3 Fighting
 * Level 11.4 Maces & Flails
 + Level 9.2 Armour
 + Level 9.2 Shields
 + Level 3.7 Invocations


You had 10 spell levels left.
You didn't know any spells.
Your spell library contained the following spells:

 Spells                   Type           Power      Damage    Failure   Level
 Magic Dart               Conj           0%         1d3       92%         1
 Searing Ray              Conj           0%         2d4       98%         2
 Dazzling Flash           Conj/Hex       0%         N/A       100%        3
 Dispel Undead            Necr           0%         3d6       100%        4
 Fulminant Prism          Conj/Hex       0%         3d5       100%        4
 Manifold Assault         Tloc           0%         N/A       100%        4
 Dispersal                Tloc           0%         N/A       100%        6
 Disjunction              Tloc           0%         N/A       100%        8
 Cigotuvi's Dreadful Rot  Necr/Pois/Air  Unusable   N/A       N/A         2
 Summon Forest            Summ/Tloc      Unusable   N/A       N/A         5
 Death Channel            Necr           Unusable   N/A       N/A         6
 Summon Horrible Things   Summ           Unusable   N/A       N/A         8

Dungeon Overview and Level Annotations

Branches:
Dungeon (8/15)             Temple (1/1) D:5
   Lair: D:8-11

Altars:
Ashenzari
Cheibriados
Dithmenos
Elyvilon
Gozag
Hepliaklqana
Kikubaaqudgha
Makhleb
Nemelex Xobeh
Okawaru
Qazlal
Ru
Sif Muna
Trog
Uskayaw
Vehumet
Wu Jian
Xom
Yredelemnul
Zin
The Shining One

Annotations:
D:8 4 runed translucent doors, Leeroy's ghost, novice VSWr


Innate Abilities, Weirdness & Mutations

You are immune to sickness and miasma.
Your stone body is resilient. (AC +8)
You are immune to poison.
You resist negative energy. (rN+)
You are resistant to electric shocks. (rElec)
You are resistant to unholy torment.
You are immune to petrification.


Message History

The troll barely misses you. You block the troll's attack.
You barely miss the troll. You block the troll's attack. x2
The troll closely misses you.
A troll comes into view.
Okay, then.
You feel better.
The troll shouts!
The troll closely misses you. You block the troll's attack.
The troll claws you but does no damage.
You feel better. The troll bites you but does no damage.
The troll barely misses you. The troll claws you.
You closely miss the troll.
You feel like a meek peon again.
A centaur warrior comes into view.
The centaur warrior shouts!
You hit the troll but do no damage. The troll bites you!
* * * LOW HITPOINT WARNING * * *
You block the troll's attack. The troll claws you but does no damage.
You sock the troll!
The troll is moderately wounded.
You block the troll's attack. The troll claws you.
* * * LOW HITPOINT WARNING * * *
The troll claws you but does no damage.
You bludgeon the troll!!
The troll is almost dead.
You block the troll's attack. The troll claws you but does no damage.
You block the troll's attack.
You thump the troll!
You kill the troll!
Okawaru accepts your kill.
You sock the troll!
The troll is moderately wounded.
You block the troll's attack. The troll claws you but does no damage.
You block the troll's attack.
You bludgeon the troll!!
The troll is severely wounded.
The troll bites you!
* * * LOW HITPOINT WARNING * * *
The troll claws you!
You die...

#....# #.##..##.## #.#..##
#[###.##.## #.##..###
######.###...... #.###.##.
=.####)####.#.#.
#.###..#.##). ##...###.....
#......##...# ##...####.#.#
#####...#RWc####...####...#
#...##T###.'...'.###.##
##..)#@##.#######.##.##
#...#.#########.##.##.
###.##..#(#.#..##:##.#
#..#..#.#.#††##.###.
##.##.#.#.#.##.#####
#..#.#.#.#.##.#.##.
##.##..#..##.##..##
#..#..#..##.#.#.##
##.##.#.##)##.#..#


You could see a centaur warrior, a troll, an efreet and a wraith.

Vanquished Creatures
  3 centaur warriors (D:8)
  An ugly thing (D:8)
  A cyclops (D:8)
  Joseph (D:7)
  A tengu conjurer (D:8)
  2 trolls (D:8)
  4 wyverns
  A yak (D:7)
  A human (D:7)
  3 hogs (D:7)
  3 water moccasins
  Duvessa (D:6)
  5 orc warriors
  4 ice beasts
  4 sky beasts
  4 black bears
  An ogre (D:5)
  4 centaurs
  2 kobold brigands
  3 bullfrogs
  3 necrophages
  3 scorpions
  23 wights
  Dowan (D:6)
  2 killer bees (D:8)
  3 howler monkeys (D:8)
  A hound (D:5)
  A gnoll bouda (D:7)
  A jelly (D:7)
  3 orc priests
  Crazy Yiuf (D:4)
  4 iguanas
  Natasha (thrice) (D:2)
  4 orc wizards
  12 adders
  11 gnolls
  3 white imps
  An ufetubus (D:5)
  4 worms (D:2)
  3 dart slugs
  27 orcs
  8 bats
  5 endoplasms
  4 giant cockroaches
  8 goblins
  8 hobgoblins
  10 jackals
  23 kobolds
  8 quokkas
  9 ball pythons
  5 frilled lizards
  4 rats
255 creatures vanquished.

Vanquished Creatures (others)
  A human (D:7)
  An orc (D:6)
  4 bushes (D:6)
  16 fungi (D:6)
22 creatures vanquished.

Grand Total: 277 creatures vanquished

Notes
Turn   | Place    | Note
-------+----------+-------------------------------------------
     0 | D:1      | vineage the Gargoyle Fighter began the quest for the Orb.
     0 | D:1      | Reached XP level 1. HP: 14/14 MP: 1/1
    31 | D:1      | Reached XP level 2. HP: 17/19 MP: 2/2
   173 | D:1      | Reached XP level 3. HP: 16/23 MP: 3/3
   697 | D:2      | Reached skill level 3 in Maces & Flails
   697 | D:2      | Reached XP level 4. HP: 29/29 MP: 4/4
   887 | D:2      | Noticed Natasha
   899 | D:2      | Killed Natasha
  1111 | D:2      | Reached XP level 5. HP: 31/33 MP: 5/5
  1411 | D:2      | Noticed Natasha
  1418 | D:2      | Killed Natasha
  1526 | D:2      | Noticed Natasha
  1541 | D:2      | Killed Natasha
  1992 | D:3      | Reached skill level 4 in Maces & Flails
  2177 | D:3      | Found a hazy altar of Hepliaklqana.
  2202 | D:3      | Got the Compendium of Ethics
  2785 | D:4      | Found a runed translucent door.
  2786 | D:4      | Noticed Crazy Yiuf
  2848 | D:4      | Reached XP level 6. HP: 33/39 MP: 6/6
  2903 | D:4      | Identified the ring "Jigagh" {rF+ Str+6 Dex+3 Slay+2}
  3126 | D:4      | Identified the +7 dagger of Perversion {pain, rF++}
  3277 | D:4      | Killed Crazy Yiuf
  3428 | D:5      | Entered Level 5 of the Dungeon
  3551 | D:5      | Reached skill level 5 in Maces & Flails
  3551 | D:5      | Reached XP level 7. HP: 44/44 MP: 7/7
  3586 | D:5      | Reached skill level 5 in Fighting
  3745 | D:5      | Reached skill level 5 in Shields
  3748 | D:5      | Reached skill level 5 in Armour
  4183 | D:5      | Found a staircase to the Ecumenical Temple.
  4202 | D:5      | Reached skill level 6 in Maces & Flails
  4202 | D:5      | Reached XP level 8. HP: 37/50 MP: 8/8
  4213 | Temple   | Entered the Ecumenical Temple
  4435 | Temple   | Became a worshipper of Warmaster Okawaru
  5560 | D:6      | Noticed Duvessa
  5560 | D:6      | Noticed Dowan
  5577 | D:6      | Reached skill level 7 in Maces & Flails
  5586 | D:6      | Killed Duvessa
  5586 | D:6      | Reached * piety under Okawaru
  5587 | D:6      | Killed Dowan
  5588 | D:6      | Reached XP level 9. HP: 52/56 MP: 9/9
  5863 | D:6      | Found a stormy altar of Qazlal.
  6858 | D:7      | Reached skill level 8 in Maces & Flails
  6895 | D:7      | Reached ** piety under Okawaru
  7180 | D:7      | Noticed Joseph
  7199 | D:7      | Killed Joseph
  7272 | D:7      | Reached *** piety under Okawaru
  7300 | D:7      | Reached skill level 9 in Maces & Flails
  7345 | D:7      | Reached XP level 10. HP: 63/63 MP: 10/10
  7410 | D:7      | Found an ancient bone altar of Kikubaaqudgha.
  7450 | D:7      | Found a basalt altar of Yredelemnul.
  7461 | D:7      | Found a sacrificial altar of Ru.
  7461 | D:7      | Found a glowing golden altar of the Shining One.
  7469 | D:7      | Found a shimmering blue altar of Sif Muna.
  7477 | D:7      | Found a glowing silver altar of Zin.
  7805 | D:7      | Found a burning altar of Makhleb.
  8757 | D:8      | Reached **** piety under Okawaru
  8761 | D:8      | Noticed a centaur warrior
  8777 | D:8      | Killed a centaur warrior
  8778 | D:8      | Reached skill level 10 in Maces & Flails
  9048 | D:8      | Reached skill level 1 in Invocations
  9326 | D:8      | Noticed a skeletal warrior
  9330 | D:8      | Found a runed translucent door.
  9443 | D:8      | Found a runed translucent door.
  9443 | D:8      | Noticed a cyclops
  9444 | D:8      | Noticed a centaur warrior
  9525 | D:8      | Reached ***** piety under Okawaru
  9526 | D:8      | Reached XP level 11. HP: 66/69 MP: 12/12
  9762 | D:8      | Found a runed translucent gate.
  9762 | D:8      | Found a runed translucent gate.
  9762 | D:8      | Found a runed translucent gate.
  9762 | D:8      | Noticed Leeroy's ghost (novice VSWr)
  9862 | D:8      | Found a runed translucent door.
  9862 | D:8      | Found a runed translucent door.
  9873 | D:8      | Killed a centaur warrior
  9880 | D:8      | Killed a cyclops
  9881 | D:8      | Reached skill level 11 in Maces & Flails
 10044 | D:8      | Noticed a centaur warrior
 10044 | D:8      | Noticed a green ugly thing
 10053 | D:8      | HP: 3/71 [centaur warrior (9)]
 10062 | D:8      | Killed a centaur warrior
 10067 | D:8      | Killed a green ugly thing
 10067 | D:8      | Received a gift from Okawaru
 10074 | D:8      | Noticed a centaur warrior
 10080 | D:8      | Slain by a troll

Illustrated notes

Levels and vault maps discovered:
D:1:      minmay_arrival_stair_chambers, layout_basic, minmay_heptomino_d4
D:2:      minmay_recursive_quarters, layout_basic, uniq_natasha
D:3:      layout_loops_ring, mainiacjoe_overflow_alcove_4,
          minmay_stone_trees_small
D:4:      layout_loops_ring, kennysheep_flooded_box, uniq_crazy_yiuf_cottage
D:5:      layout_cave_pods, minmay_temple_entry_hall, st_stairs_5
D:6:      layout_basic, nicolae_qazlal_eye_of_the_storm, serial_aquarium,
          aquarium_bridge_long_joined [aquarium_subvault_bridge,
          aquarium_subvault_wall, aquarium_subvault_wall,
          aquarium_subvault_bridge, aquarium_subvault_wall,
          aquarium_subvault_bridge], aquarium_bridge_straight
          [aquarium_subvault_bridge, aquarium_subvault_wall,
          aquarium_subvault_bridge, aquarium_subvault_wall], aquarium_window_1,
          aquarium_window_corridor_1, aquarium_window_1, aquarium_view_2c,
          aquarium_balcony_5b, aquarium_pool_S, kennysheep_big_empty_room,
          minmay_hedge_maze, uniq_duvessa
D:7:      layout_basic, marbit_many_paths, minmay_overflow_temple_star_hex,
          tgw_kikubaaqudgha, grunt_livestock, minmay_diced_spiral, uniq_joseph
D:8:      minmay_the_grid_triangle_9x9_rhombus_full
          [minmay_the_grid_triangle_9x9_subtriangle,
          minmay_the_grid_triangle_9x9_descending_squares,
          minmay_the_grid_triangle_9x9_negative_grid,
          minmay_the_grid_triangle_9x9_checkered,
          minmay_the_grid_triangle_9x9_longest,
          minmay_the_grid_triangle_9x9_wacky_v,
          minmay_the_grid_triangle_9x9_fully_insulated_deathbox,
          minmay_the_grid_triangle_9x9_prize_schism], layout_basic,
          ebering_ghost_rock_garden, minmay_misc_feat_plants
Temple:   nicolae_temple_bog_church

Skill      XL: |  1  2  3  4  5  6  7  8  9 10 11 |
---------------+----------------------------------+-----
Maces & Flails | 3 4 5 6 7 9 10 11 | 11.4
Fighting       | 4 5 6 7 8 9 |  9.3
Armour         | 4 5 6 7 8 9 |  9.2
Shields        | 4 5 6 7 8 9 |  9.2
Invocations    | 2 3 |  3.7

Action                     |  1- 3 |  4- 6 |  7- 9 | 10-12 || total
---------------------------+-------+-------+-------+-------++-------
  Melee: Flail             |   100 |   211 |   302 |   269 ||   882
 Invoke: Heroism           |       |       |       |     4 ||     4
    Use: Scroll            |     2 |     6 |     8 |     4 ||    20
         Potion            |       |       |     4 |     5 ||     9
   Stab: Distracted        |       |       |       |     1 ||     1
 Armour: Scale mail        |    71 |       |       |       ||    71
         Chain mail        |    21 |   169 |   198 |   154 ||   542
  Dodge: Dodged            |    73 |   103 |   114 |   105 ||   395
  Block: Buckler           |    33 |    51 |   101 |   115 ||   300

Table legend: (Time is in decaauts)
 A = Elapsed time spent in this place.
 B = Non-inter-level travel time spent in this place.
 C = Inter-level travel time spent in this place.
 D = Time resting spent in this place.
 E = Time spent auto-exploring this place.
 F = Levels seen in this place.
 G = Mean time per level.
                   A        B        C        D        E       F      G
               +--------+--------+--------+--------+--------+-----+--------+
         Total |  10190 |   9968 |    222 |   1410 |   6763 |   9 | 1132.2 |
       Dungeon |   9951 |   9759 |    192 |   1410 |   6564 |   8 | 1243.9 |
        Temple |    239 |    210 |     29 |      0 |    199 |   1 |  239.0 |
               +--------+--------+--------+--------+--------+-----+--------+

Top non-repeatable levels by time:
     D:7: 1748 daAuts
     D:6: 1691 daAuts
     D:5: 1610 daAuts
     D:8: 1380 daAuts
     D:2: 1362 daAuts
     D:4: 843 daAuts
     D:3: 674 daAuts
     D:1: 639 daAuts
  Temple: 239 daAuts
